 Dungeon Crawl Stone Soup version 0.26.1-2-gb8aa6d0cf2 (webtiles) character file.

Game seed: 7208195919236518945

71 sapthan the Ruffian (level 4, -6/44 HPs)
             Began as a Troll Monk on Feb 17, 2021.
             Mangled by Sigmund
             ... wielding a +0 scythe
              (13 damage)
             ... on level 2 of the Dungeon.
             The game lasted 00:02:04 (980 turns).

sapthan the Ruffian (Troll Monk)                     Turns: 980, Time: 00:02:04

Health: -6/44      AC:  6    Str: 20    XL:     4   Next: 5%
Magic:  3/3        EV: 11    Int:  6    God:
Gold:   113        SH:  0    Dex: 18    Spells: 3/3 levels left

rFire    . . .     SeeInvis .     - Unarmed
rCold    . . .     Faith    .   (no shield)
rNeg     . . .     Spirit   .   a - +0 robe
rPois    .         Reflect  .   (helmet restricted)
rElec    .         Harm     .   (no cloak)
rCorr    .         Rampage  .   (gloves unavailable)
Will     .....                  (boots unavailable)
Stlth    ++........             (no amulet)
HPRegen  0.54/turn              D - +6 ring of dexterity
MPRegen  0.08/turn              (no ring)

@: no status effects
A: large, unfitting armour, claws 3, regeneration 1, shaggy fur 1, tough skin 3
a: no special abilities


You were on level 2 of the Dungeon.
You visited 1 branch of the dungeon, and saw 2 of its levels.

You collected 113 gold pieces.


Innate Abilities, Weirdness & Mutations

You are too large for most types of armour.
You have claws for hands.
Your natural rate of healing is unusually fast.
You are covered in fur. (AC +1)
You have extremely tough skin. (AC +3)


   Skills:
 + Level 2.9 Fighting
 + Level 2.9 Dodging
 - Level 1.0 Stealth
 * Level 4.1 Unarmed Combat


You had 3 spell levels left.
You didn't know any spells.
Your spell library was empty.

Inventory:

Missiles
 e - 4 javelins (quivered)
 f - 11 stones
Armour
 a - a +0 robe (worn)
Jewellery
 D - a +6 ring of dexterity (left claw)
Scrolls
 c - 2 scrolls of remove curse {unknown}
 d - 5 scrolls of identify {unknown}
 h - a scroll of fear {unknown}
Potions
 b - 2 potions of heal wounds {unknown}
 g - 2 potions of degeneration {unknown}

Dungeon Overview and Level Annotations

Branches:
Dungeon (2/15)

Altars:
Uskayaw

Annotations:
D:2 Sigmund

####### #.....#
#.....###########
#...............#
..$.^#.......#.#####
...###...#........
#{#####..#.......
#@†...##.########
#####.....##
####...####
####.)...#
#........#
###.#..##...#
##.......#.#...#
#...####.# .##.#
###...#{{#.# ..#.#


There were no monsters in sight!


Message History

Sigmund flickers and vanishes!
Deactivating autopickup; reactivate with Ctrl-A.
You scratch the bat.
You kill the bat!
Something hits you.
You see here a bat corpse.
You miss something. Something hits you but does no damage.
You claw something! You closely miss something. Something hits you!
You claw something!
You hear some strange, mumbled words.
A magic dart appears from out of thin air!
The magic dart hits you!
* * * LOW HITPOINT WARNING * * *
You closely miss something.
You hear some strange, mumbled words.
You are confused.
You bump into the rock wall.
Something hits you!
* * * LOW HITPOINT WARNING * * *
You bump into the rock wall.
You're too confused to move!
You hear some strange, mumbled words.
Something tries to affect you, but you resist.
Something barely misses you.
You bump into the rock wall.
Something hits you!
* * * LOW HITPOINT WARNING * * *
You bump into the rock wall.
You feel less confused.
You miss something. Something hits you!
You die...

Skill      XL: |  1  2  3 |
---------------+----------+-----
Unarmed Combat | 4 |  4.1
Fighting       | |  2.9
Dodging        | |  2.9
Stealth        | |  1.0

Action                   |  1- 3 |  4- 6 || total
-------------------------+-------+-------++-------
Melee: Unarmed           |    87 |    11 ||    98
Armor: Robe              |    32 |     2 ||    34
Dodge: Dodged            |    27 |     3 ||    30

Levels and vault maps discovered:
D:1:      dpeg_arrival_brainrot, layout_basic, minivault_4, minmay_fountain_box,
          minmay_indecisive_spiral
D:2:      layout_rooms, dancing_weapons_uskayaw, uniq_sigmund, uniq_robin

Notes
Turn   | Place    | Note
-------+----------+-------------------------------------------
     0 | D:1      | sapthan the Troll Monk began the quest for the Orb.
     0 | D:1      | Reached XP level 1. HP: 22/22 MP: 0/0
   103 | D:1      | Reached XP level 2. HP: 25/29 MP: 1/1
   565 | D:1      | Reached XP level 3. HP: 36/36 MP: 2/2
   904 | D:2      | Reached skill level 4 in Unarmed Combat
   917 | D:2      | Found a hide-covered altar of Uskayaw.
   917 | D:2      | Noticed a +0 dagger
   917 | D:2      | Noticed a +0 hand axe
   924 | D:2      | Reached XP level 4. HP: 44/44 MP: 3/3
   961 | D:2      | Noticed Sigmund
   980 | D:2      | Mangled by Sigmund

Vanquished Creatures
  An adder (D:2)
  An ooze (D:1)
  2 worms
  4 dart slugs
  4 leopard geckos (D:2)
  2 ball pythons
  3 bats
  3 giant cockroaches (D:1)
  5 goblins
  3 hobgoblins
  4 kobolds
  2 frilled lizards (D:1)
  5 rats
39 creatures vanquished.

Table legend: (Time is in decaauts)
 A = Elapsed time spent in this place.
 B = Non-inter-level travel time spent in this place.
 C = Inter-level travel time spent in this place.
 D = Time resting spent in this place.
 E = Time spent auto-exploring this place.
 F = Levels seen in this place.
 G = Mean time per level.
                   A        B        C        D        E       F      G
               +--------+--------+--------+--------+--------+-----+--------+
         Total |    974 |    922 |     52 |      0 |    704 |   2 |  487.0 |
       Dungeon |    974 |    922 |     52 |      0 |    704 |   2 |  487.0 |
               +--------+--------+--------+--------+--------+-----+--------+

Top non-repeatable levels by time:
     D:1: 681 daAuts
     D:2: 292 daAuts

Table legend:
 A = Non-vault XP
 B = Vault XP
 C = Vault XP percentage of total XP
 D = Non-vault monster count
 E = Vault monster count
 F = Vault count percentage of total count
                 A         B        C        D         E       F
            +---------+---------+-------+---------+---------+-------
      Total |      89 |      13 |  12.7 |      34 |       5 |  12.8
            +---------+---------+-------+---------+---------+-------
        D:1 |      33 |      13 |  28.3 |      14 |       5 |  26.3
        D:2 |      56 |       0 |   0.0 |      20 |       0 |   0.0
            +---------+---------+-------+---------+---------+-------
